 Dungeon Sprint DCSS version 0.17-a0-1184-gb75be8f (webtiles) character file.

14 Kidiri the Scholar of Death (level 2, 0/15 HPs)
             Began as a Deep Elf Necromancer on June 1, 2015.
             Was a Follower of Kikubaaqudgha.
             Slain by an ooze (4 damage)
             ... in the Dungeon (Sprint VII: "The Pits").
             The game lasted 00:01:32 (237 turns).

Kidiri the Scholar of Death (Deep Elf Necromancer)   Turns: 237, Time: 00:01:32

Health: 0/15       AC:  2    Str:  5    XL:     2   Next: 27%
Magic:  2/9        EV: 13    Int: 19    God:    Kikubaaqudgha [*.....]
Gold:   0          SH:  0    Dex: 15    Spells: 2 memorised, 8 levels left

rFire  . . .     SeeInvis .     s - staff of energy
rCold  . . .     Clarity  .     a - +0 robe
rNeg   . . .     SustAt   .     (no shield)
rPois  .         Gourm    .     (no helmet)
rElec  .         Spirit   .     (no cloak)
rCorr  .         Warding  .     (no gloves)
rMut   .         NoTele   +     (no boots)
MR     .....                    (no amulet)
Stlth  ++........               (no ring)
                                (no ring)

@: not resistant to hostile enchantments, unstealthy
A: no striking features
a: Receive Corpses, Renounce Religion


You were in the Dungeon.
You worshipped Kikubaaqudgha.
Kikubaaqudgha was aware of your devotion.
You were not hungry.

You visited 1 branch

Inventory:

Hand weapons
 k - a +2 quarterstaff
 l - a +2 dagger
Armour
 a - a +0 robe (worn)
Magical staves
 s - an uncursed staff of energy (weapon)
Scrolls
 i - a scroll of blinking
 p - 3 scrolls of remove curse
 q - 5 scrolls of amnesia
 r - a scroll of summoning
Potions
 d - a potion of curing
 e - a potion of heal wounds
 f - a potion of haste
 g - 4 potions of magic
 h - 3 potions of berserk rage
 o - 2 potions of invisibility
Books
 b - a book of Necromancy

   Spells                             Type                      Level
   a - Pain                           Necromancy                   1
   b - Animate Skeleton               Necromancy                   1
   c - Vampiric Draining              Necromancy                   3
   d - Regeneration                   Charms/Necromancy            3
   e - Animate Dead                   Necromancy                   4
   f - Control Undead                 Necromancy                   4
Comestibles
 c - 8 bread rations
 j - 2 chunks of flesh
 m - 40 fruits
 n - 7 meat rations


   Skills:
 + Level 0.2 Staves
 + Level 3.1 Dodging
 + Level 3.4 Stealth
 * Level 4.6 Spellcasting
 * Level 5.9 Necromancy


You had 8 spell levels left.
You knew the following spells:

 Your Spells              Type           Power        Failure   Level  Hunger
a - Pain                  Necr           ####         1%          1    None
b - Animate Skeleton      Necr           N/A          1%          1    None


Dungeon Overview and Level Annotations

Branches:
Dungeon (1/1)

Altars:
Ashenzari
Cheibriados
Dithmenos
Elyvilon
Fedhas
Kikubaaqudgha
Makhleb
Nemelex Xobeh
Okawaru
Ru
Sif Muna
Trog
Vehumet
Xom
Yredelemnul
Zin
The Shining One
Beogh
Jiyva
Lugonu


Message History

Casting: Pain
Confirm with . or Enter, or press ? or * to list all spells.
Aiming: Pain
Press: ? - help, Shift-Dir - straight line, f - ooze
Aim: an ooze (chance to defeat MR: 84%)
The ooze convulses in agony!
The ooze hits you.
Casting: Pain
Confirm with . or Enter, or press ? or * to list all spells.
Aiming: Pain
Press: ? - help, Shift-Dir - straight line, f/p - ooze
Aim: an ooze (moderately wounded, chance to defeat MR: 84%)
The ooze convulses in agony!
The ooze completely misses you.
Casting: Pain
Confirm with . or Enter, or press ? or * to list all spells.
Aiming: Pain
Press: ? - help, Shift-Dir - straight line, f/p - ooze
Aim: an ooze (heavily wounded, chance to defeat MR: 84%)
The ooze convulses in agony!
The ooze hits you.
You die...
Kikubaaqudgha rasps: "You have failed me!
Welcome... death!"

#.#####'##############++
#).)'.'..##...........
#)).#.#?(##......#..#.
#######'#####...........
#...........'...........
#+#####'#####......#..#.
#..)'.##...........
#...#.#####'#####++
#####@##.......#
+...#J##.......#
+...'h##.......#
########...<...#
#.......# #.......#
#.......# #########


You could see an ooze and a jackal.

Vanquished Creatures
  An adder (D)
  An orc (D)
  A hobgoblin (D)
  2 jackals (D)
5 creatures vanquished.

Notes
Turn   | Place    | Note
--------------------------------------------------------------
     0 | D        | Kidiri the Deep Elf Necromancer began the quest for the Orb.
     0 | D        | Reached XP level 1. HP: 10/10 MP: 6/6
     2 | D        | Learned a level 1 spell: Animate Skeleton
    19 | D        | Reached skill level 5 in Necromancy
    46 | D        | Found a sacrificial altar of Ru.
    46 | D        | Found a basalt altar of Yredelemnul.
    46 | D        | Found a shadowy altar of Dithmenos.
    46 | D        | Found a deep blue altar of Sif Muna.
    46 | D        | Found a burning altar of Makhleb.
    46 | D        | Found a shimmering altar of Xom.
    46 | D        | Found an ancient bone altar of Kikubaaqudgha.
    46 | D        | Found a sparkling altar of Nemelex Xobeh.
    47 | D        | Found a glowing golden altar of the Shining One.
    47 | D        | Found a bloodstained altar of Trog.
    47 | D        | Found a shattered altar of Ashenzari.
    47 | D        | Found a white marble altar of Elyvilon.
    47 | D        | Found a snail-covered altar of Cheibriados.
    47 | D        | Found a blossoming altar of Fedhas.
    47 | D        | Found a radiant altar of Vehumet.
    47 | D        | Found a glowing silver altar of Zin.
    47 | D        | Found a corrupted altar of Lugonu.
    47 | D        | Found a viscous altar of Jiyva.
    47 | D        | Found a roughly hewn altar of Beogh.
    47 | D        | Found an iron altar of Okawaru.
    52 | D        | Became a worshipper of Kikubaaqudgha
   183 | D        | Reached XP level 2. HP: 15/15 MP: 7/9
   233 | D        | Acquired Kikubaaqudgha's first power
   233 | D        | Received a gift from Kikubaaqudgha
   237 | D        | Slain by an ooze

Vault maps used:
D:        pitsprint

Action                   || total
-------------------------++-------
 Cast: Pain              ||    16
       Animate Skeleton  ||     1
